 Dungeon Crawl Stone Soup version 0.30.0 (webtiles) character file.

Game seed: 16323963303469141897

108058 nick944 the Peltast (level 16, -4/119 HPs)
             Began as a Minotaur Fighter on Dec 10, 2023.
             Was an Initiate of Yredelemnul.
             Killed from afar by an ancient lich (40 damage)
             ... with a crystal spear
             ... on level 3 of the Abyss.
             The game lasted 03:46:10 (24564 turns).

nick944 the Peltast (Minotaur Fighter)             Turns: 24564, Time: 03:46:12

Health: -4/119     AC: 30    Str: 31    XL:     16   Next: 1%
Magic:  0/16       EV: 19    Int: -2 (0) God:    Yredelemnul [......]
Gold:   2522       SH: 17    Dex: 14    Spells: 15/15 levels left

rFire   + . .        w - +4 long sword of Xom's Righteous Fury {pain, rElec rC+++ rN++ Will-}
rCold   + + +        N - +2 kite shield
rNeg    + + .        t - +1 gold dragon scales
rPois   +            B - +1 hat
rElec   +            Q - +1 cloak of Starlight {*Dazzle EV+4 Stlth--}
rCorr   .            y - +1 pair of gloves of the Shining Light {rPois}
SInv    .            T - +1 pair of boots {Stlth+}
Will    ++...        e - amulet of the Jester {Spirit -Cast Will+ Dex+5} Stlth
                     o - ring "Miti Kau" {rC++ EV+5}
HPRegen 0.00/turn    R - ring "Iqimneet" {rF+ Will+ Str+6}
MPRegen 0.15/turn

%: no spellcasting, guardian spirit
@: inhibited regen, slowed, lost intelligence, studying Ranged Weapons, unable
to read, very slow
A: horns 2, retaliatory headbutt, agile 1, poison resistance, inhibited
regeneration, heat vulnerability 1, MP-powered wands, [clumsy 2], [deterioration
2], [dopey 2], [frail 2], ([teleportitis 2]), [weak 2], [subdued magic 2],
[inability to read after injury 2]
a: Renounce Religion, Recall Undead Harvest


You were on level 3 of the Abyss.
You worshipped Yredelemnul.
Yredelemnul was noncommittal.
You visited 3 branches of the dungeon, and saw 21 of its levels.
You visited the Abyss 1 time.
You also visited: Gauntlet.

You collected 2886 gold pieces.
You spent 364 gold pieces at shops.

Inventory:

Hand Weapons
 a - the +8 short sword "Othru" {venom, rPois Dex+3}
   (You found it on level 10 of the Dungeon)

   Dex:       It affects your dexterity (+3).
   rPois:     It protects you from poison.
 b - a +2 scimitar of flaming
 w - the +4 long sword of Xom's Righteous Fury (weapon) {pain, rElec rC+++ rN++ Will-}
   (You found it on level 13 of the Dungeon)

   rC:        It renders you almost immune to cold.
   rElec:     It insulates you from electricity.
   rN:        It greatly protects you from negative energy.
   Will:      It decreases your willpower.
Missiles
 q - 6 atropa-tipped darts
 C - 4 boomerangs (quivered)
 D - 15 poisoned darts
 E - 4 throwing nets
 F - 2 curare-tipped darts
 U - 9 javelins
Armour
 t - +1 gold dragon scales (worn)
 y - the +1 pair of gloves of the Shining Light (worn) {rPois}
   (You found it on level 5 of the Lair of Beasts)

   rPois:     It protects you from poison.
 B - a +1 hat (worn)
 N - a +2 kite shield (worn)
 Q - the +1 cloak of Starlight (worn) {*Dazzle EV+4 Stlth--}
   (You found it in a Gauntlet)

   *Dazzle:   It may blind those who miss an attack against the wearer in melee
   combat.
   EV:        It affects your evasion (+4).
   Stlth:     It makes you much less stealthy.
 T - a +1 pair of boots of stealth (worn)
Jewellery
 e - the amulet of the Jester (around neck) {Spirit -Cast Will+ Dex+5}
   (You found it in a Gauntlet)

   [amulet of guardian spirit]

   It causes incoming damage to be divided between your reserves of health and
   magic.
   Dex:       It affects your dexterity (+5).
   -Cast:     It prevents spellcasting.
   Will:      It increases your willpower.
 o - the ring "Miti Kau" (left hand) {rC++ EV+5}
   (You took it off a minotaur in a Gauntlet)

   [ring of evasion]

   EV:        It affects your evasion (+5).
   rC:        It greatly protects you from cold.
 x - the ring "Ziceysesm" {rPois Str+6 Dex+5}
   (You took it off a gnoll bouda on level 8 of the Dungeon)

   [ring of strength]

   Str:       It affects your strength (+6).
   Dex:       It affects your dexterity (+5).
   rPois:     It protects you from poison.
 R - the ring "Iqimneet" (right hand) {rF+ Will+ Str+6}
   (You found it on level 5 of the Lair of Beasts)

   [ring of strength]

   Str:       It affects your strength (+6).
   rF:        It protects you from fire.
   Will:      It increases your willpower.
Wands
 u - a wand of flame (20)
 z - a wand of polymorph (9)
 H - a wand of roots (21)
 J - a wand of mindburst (2)
 L - a wand of charming (20)
 M - a wand of quicksilver (17)
 P - a wand of digging (19)
Scrolls
 d - 4 scrolls of enchant weapon
 g - 4 scrolls of identify
 h - 3 scrolls of poison
 j - 8 scrolls of teleportation
 k - 5 scrolls of vulnerability
 l - 3 scrolls of magic mapping
 s - 2 scrolls of amnesia
 v - a scroll of blinking
 G - a scroll of brand weapon
 V - a scroll of fear
Potions
 f - 3 potions of mutation
 m - 3 potions of brilliance
 n - 8 potions of curing
 A - 2 potions of attraction
 I - 3 potions of magic
 S - 7 potions of lignification
 Y - a potion of flight
Miscellaneous
 r - a phantom mirror (inert)
 K - a phial of floods (inert)


   Skills:
 + Level 15.1 Fighting
 + Level 13.5(15.9) Short Blades
 + Level 15.2(17.5) Long Blades
 - Level 5.0 Throwing
 + Level 15.1 Armour
 - Level 9.1 Dodging
 + Level 18.7 Shields
 - Level 2.3 Invocations


You had 15 spell levels left.
You didn't know any spells.
Your spell library contained the following spells:

 Spells                   Type           Power      Damage    Failure   Level
 Apportation              Tloc           0%         N/A       100%        1
 Kiss of Death            Conj/Necr      0%         2d5       100%        1
 Magic Dart               Conj           0%         1d3       100%        1
 Necrotise                Necr           0%         1d4       100%        1
 Summon Small Mammal      Summ           0%         N/A       100%        1
 Blink                    Tloc           0%         N/A       100%        2
 Call Imp                 Summ           0%         N/A       100%        2
 Lesser Beckoning         Tloc           0%         N/A       100%        2
 Momentum Strike          Conj/Tloc      0%         3d8       100%        2
 Confusing Touch          Hex            0%         N/A       100%        3
 Mephitic Cloud           Conj/Pois/Air  0%         N/A       100%        3
 Vampiric Draining        Necr           0%         2d6       100%        3
 Vhi's Electric Charge    Tloc/Air       0%         N/A       100%        3
 Anguish                  Hex/Necr       0%         N/A       100%        4
 Animate Armour           Summ/Erth      0%         N/A       100%        4
 Cause Fear               Hex            0%         N/A       100%        4
 Dispel Undead            Necr           0%         3d6       100%        4
 Summon Ice Beast         Ice/Summ       0%         N/A       100%        4
 Agony                    Necr           0%         N/A       100%        5
 Arcjolt                  Conj/Air       0%         1d10      100%        5
 Blade Hands              Tmut           0%         N/A       100%        5
 Fireball                 Conj/Fire      0%         3d3       100%        5
 Iskenderun's Battlesphe  Conj           0%         2d6       100%        5
 Summon Forest            Summ/Tloc      0%         N/A       100%        5
 Summon Mana Viper        Hex/Summ       0%         N/A       100%        5
 Conjure Ball Lightning   Conj/Air       0%         3x3d6     100%        6
 Iron Shot                Conj/Erth      0%         9d1       100%        6
 Plasma Beam              Fire/Air       0%         2x1d11    100%        6
 Summon Cactus Giant      Summ           0%         N/A       100%        6
 Dragon Form              Tmut           0%         N/A       100%        7
 Enfeeble                 Hex            0%         N/A       100%        7
 Haunt                    Necr/Summ      0%         N/A       100%        7
 Monstrous Menagerie      Summ           0%         N/A       100%        7
 Orb of Destruction       Conj           0%         9d5       100%        7
 Infestation              Necr           0%         N/A       100%        8
 Dragon's Call            Summ           0%         N/A       100%        9
 Animate Dead             Necr           Unusable   N/A       N/A         4

Dungeon Overview and Level Annotations

Branches:
Dungeon (14/15)            Temple (0/1) D:5            Lair (5/5) D:10
  Swamp (0/4) Lair:3        Snake (0/4) Lair:3        Slime (0/5) Lair:4
    Orc (2/2) D:12            Elf (0/3) Orc:2        Vaults (0/5) D:13
Gauntlet (visited)

Altars:
Ashenzari
Cheibriados
Elyvilon
Fedhas
Hepliaklqana
Makhleb
Nemelex Xobeh
Qazlal
Ru
Sif Muna
Trog
Vehumet
Yredelemnul
Zin
The Shining One
Jiyva

Shops:
Orc:2 **:[

Portals:
Trove: D:11 (give 17 potions of curing)

Annotations:
D:14 Louise


Innate Abilities, Weirdness & Mutations

You have a pair of horns on your head.
You reflexively headbutt those who attack you in melee.
You are agile. (Dex +4, Str/Int -1)
Your system is resistant to poisons. (rPois)
You do not regenerate when monsters are visible.
You are vulnerable to heat. (rF-)
You expend magic power (3 MP) to strengthen your wands.
[You are very clumsy. (Dex -4)]
[Your body often deteriorates upon taking damage.]
[You are very dopey. (Int -4)]
[You are very frail. (-20% HP)]
[((You are often teleported next to monsters.))]
[You are very weak. (Str -4)]
[Your spells are easier to cast, but less powerful.]
[You sometimes lose the ability to read scrolls when taking damage.]


Message History

A starcursed mass comes into view.
A spatial vortex comes into view.
The purple very ugly thing disappears in a puff of smoke!
The hell hog bites you but does no damage.
A large abomination comes into view.
You block the spatial maelstrom's attack.
The spatial maelstrom hits you.
* * * LOW HITPOINT WARNING * * *
Space warps around you.
* * * LOW HITPOINT WARNING * * *
The starcursed mass shrieks in your mind.
* * * LOW HITPOINT WARNING * * *
The worldbinder calls forth creatures from the Shoals!
The hell hog bites you but does no damage.
A spatial vortex comes into view.
The vault sentinel disappears in a puff of smoke!
The spatial maelstrom hits you.
* * * LOW HITPOINT WARNING * * *
Space warps around you.
* * * LOW HITPOINT WARNING * * *
The spatial maelstrom hits you but does no damage.
The worldbinder hits you but does no damage.
You block the worldbinder's attack.
A starcursed mass splits.
The spatial maelstrom hits you!
* * * LOW HITPOINT WARNING * * *
The spatial maelstrom hits you but does no damage.
You feel much better. The worldbinder closely misses you.
You furiously retaliate!
You headbutt the worldbinder! You block the worldbinder's attack.
A small abomination comes into view.
A starcursed mass splits.
You block the worldbinder's attack. The worldbinder barely misses you.
The spatial maelstrom hits you but does no damage.
You block the spatial maelstrom's attack.
You hear some strange, mumbled words.
A crystal spear appears from out of thin air!
The crystal spear hits you!!!
You feel threatened and lose the ability to read scrolls!
You die...
Your body rises from the dead as a mindless zombie.

..... ... . . ...
...... ......X.v..
... .. ...X........
#.....#.....# # #.5.
#...# #v###
.#####.##### #
#...#5H5.*#§vtv..#..#
...555m5~~§#thx@...#
.. .##
.5#H.x..#{#....# .
#.5##.###v3p3.# #..#
.##....### ##.t#X#
#.# 5##..#.#. #..#.v#
# 3 ##.# #....##. v.#
#. ... .##.#x # 553#
##....#.. . .v5 . . #
.#.


You could see 2 starcursed masses, a spatial maelstrom, a snapping turtle
(summoned), a hell hog, 3 spatial vortices, a fire crab, an apocalypse crab, a
manticore (summoned), a large abomination, 2 worldbinders, 2 neqoxecs and a
small abomination (wandering).

Vanquished Creatures
  A tentacled starspawn (Abyss:3)
  Gastronok (Lair:3)
  Kirke (Lair:3)
  2 very ugly things (Abyss:3)
  The ghost of Endbringerleviathan the Arsonist, a journeyman NaFE of Gozag (Lair:5)
  An ironbound preserver (D:13)
  Nessos (D:14)
  3 dire elephants (Lair:5)
  Azrael (Orc:2)
  A minotaur (Gauntlet)
  2 slime creatures (D:10)
  2 hydras
  2 ghost crabs (Lair:3)
  2 ogre magi (Orc:2)
  13 two-headed ogres
  2 centaur warriors (D:13)
  5 boulder beetles
  13 death yaks
  A vampire mage (Abyss:3)
  3 tengu warriors
  An orc high priest (Orc:1)
  Urug (Orc:1)
  A fire crab (Gauntlet)
  A spectral death yak (Lair:5)
  A spectral anaconda (Lair:5)
  3 spectral hydras (Lair:3)
  A wizard (Gauntlet)
  3 deep elf pyromancers
  An obsidian statue (Lair:5)
  3 necromancers (Lair:5)
  2 orc sorcerers (Orc:1)
  2 cyclopes
  4 manticores
  An ugly thing (Abyss:3)
  The ghost of PiratePeteNZ the Thaumaturge, a novice DECj of Hepliaklqana (D:8)
  A worldbinder (Abyss:3)
  13 elephants
  3 black mambas (Lair:3)
  A torpor snail (Lair:2)
  Maurice (Orc:2)
  2 eyes of devastation (D:10)
  10 cane toads
  2 gargoyles
  A hellion (Gauntlet)
  A dire elephant skeleton (Lair:5)
  An unseen horror (D:12)
  A rime drake (Lair:3)
  9 komodo dragons
  An ice devil (Abyss:3)
  3 hornets
  6 trolls
  An ancient zyme (Abyss:3)
  A polar bear (Lair:5)
  11 blink frogs
  A dream sheep (Lair:5)
  A ynoxinul (Abyss:3)
  4 flying skulls (Abyss:3)
  A shadow (D:11)
  2 spriggans (Lair:5)
  25 yaks
  2 wyverns
  5 wraiths
  A dire elephant simulacrum (Lair:5)
  A fire elemental (Orc:2)
  3 fire bats
  2 basilisks
  2 large abominations (Abyss:3)
  A spectral komodo dragon (Lair:3)
  A golden eye (Abyss:3)
  A chaos spawn (Abyss:3)
  Edmund (D:6)
  3 steam dragons
  8 water moccasins
  5 wargs
  4 nagas (Lair:3)
  4 acid dragons
  4 hell hounds
  3 sky beasts
  2 black bears
  9 orc warriors
  3 elephant zombies (Lair:5)
  An elephant skeleton (Lair:5)
  2 ice beasts
  A boggart (Lair:5)
  22 ogres
  2 small abominations (Abyss:3)
  3 wolves (Lair:4)
  4 centaurs
  A phantom (D:6)
  3 kobold brigands
  6 gnoll sergeants
  8 bullfrogs
  4 scorpions
  2 cane toad simulacra (Lair:5)
  6 wights
  A vampire bat (D:7)
  8 killer bees (D:9)
  5 howler monkeys
  2 electric eels (D:11)
  A crimson imp (Abyss:3)
  A quasit (Abyss:3)
  6 hounds
  A jelly (D:6)
  A gnoll bouda (D:8)
  9 orc priests
  2 starcursed masses (Abyss:3)
  An iguana (D:6)
  15 orc wizards
  A sleepcap (D:5)
  Terence (D:3)
  23 gnolls
  7 adders
  3 white imps
  3 ufetubi
  An orc zombie (D:8)
  38 orcs
  A ball python (D:1)
  8 endoplasms
  6 giant cockroaches
  12 goblins
  7 hobgoblins
  23 kobolds
  5 quokkas
  10 bats
  4 frilled lizards
  A kobold zombie (D:8)
  6 rats
  5 briar patches (Lair:1)
535 creatures vanquished.

Vanquished Creatures (collateral kills)
  A dire elephant (Lair:5)
  A two-headed ogre (Orc:2)
  2 boulder beetles
  A catoblepas (Lair:3)
  2 centaur warriors
  Erica (Orc:1)
  2 ogre magi (Orc:2)
  5 death yaks
  A tengu warrior (D:12)
  A death drake (shapeshifter) (D:13)
  A deep elf pyromancer (D:13)
  A necromancer (Lair:5)
  An oklob plant (Orc:2)
  An ugly thing (D:13)
  A cyclops (D:13)
  A dire elephant zombie (Lair:5)
  A black mamba (Lair:4)
  An elephant (Lair:5)
  A gargoyle (D:12)
  5 cane toads
  3 komodo dragons
  A rime drake (Lair:5)
  An efreet (D:13)
  A troll (D:10)
  5 blink frogs
  6 dream sheep (Lair:5)
  3 slime creatures
  Sigmund (D:5)
  10 yaks
  A wyvern (D:10)
  A basilisk (Lair:5)
  A hog (Lair:3)
  6 ogres
  A black bear (Lair:3)
  A wolf (Lair:4)
  An elephant skeleton (Lair:5)
  3 centaurs
  A phantom (D:5)
  Blork the orc (D:5)
  3 bullfrogs
  A cane toad simulacrum (Lair:5)
  2 wights (D:9)
  A killer bee (D:9)
  2 electric eels (D:12)
  3 orc priests
  5 orc wizards
  4 gnolls
  A white imp (D:5)
  8 orcs
  A ball python (D:1)
  An endoplasm (D:2)
  3 goblins (D:1)
  2 bats
  A frilled lizard (D:3)
  A kobold (D:13)
  A rat (D:1)
  2 withered plants (Lair:5)
121 creatures vanquished.

Vanquished Creatures (others)
  A boulder beetle zombie (Lair:3)
  A black mamba zombie (Lair:3)
  2 humans (Lair:3)
  2 fire bat zombies (Gauntlet)
  3 two-headed ogre zombies
  3 cane toad zombies
  A hell hound (Gauntlet)
  A manticore zombie (D:14)
  3 elephant zombies (Lair:3)
  2 human zombies
  An elf zombie (D:14)
  An ogre (Orc:1)
  A hog zombie (Lair:3)
  4 blink frog zombies
  A spectral ynoxinul (Abyss:3)
  A fire crab zombie (Gauntlet)
  A rime drake zombie (Lair:3)
  2 wyvern zombies
  A water moccasin zombie (D:7)
  3 troll zombies
  4 warg zombies
  3 yak zombies
  2 wolf zombies (Lair:4)
  3 centaur zombies
  2 bullfrog zombies
  A black bear zombie (D:8)
  2 naga zombies (Lair:3)
  12 ogre zombies
  A sky beast zombie (D:8)
  2 hound zombies
  A spectral quasit (Abyss:3)
  A howler monkey zombie (D:5)
  A spectral crimson imp (Abyss:3)
  A steam dragon zombie (D:8)
  2 adder zombies
  2 spectral white imps (D:5)
  5 bat zombies
  10 gnoll zombies
  2 endoplasm zombies (D:2)
  A frilled lizard zombie (D:3)
  A goblin zombie (D:2)
  2 hobgoblin zombies (D:2)
  7 kobold zombies
  23 orc zombies
  2 quokka zombies (D:3)
  A rat zombie (D:2)
  A spectral ufetubus (D:6)
  2 briar patches (Lair:1)
  3 demonic plants (Gauntlet)
  43 fungi
  111 plants
  11 starspawn tentacles (Abyss:3)
  4 tentacles (Abyss:3)
  25 withered plants (Lair:5)
329 creatures vanquished.

Grand Total: 985 creatures vanquished

Notes
Turn   | Place    | Note
-------+----------+-------------------------------------------
     0 | D:1      | nick944 the Minotaur Fighter began the quest for the Orb.
     0 | D:1      | Reached XP level 1. HP: 19/19 MP: 0/0
    38 | D:1      | Found a faded altar of an unknown god.
    63 | D:1      | Prayed at the altar of an unknown god.
    63 | D:1      | Became a worshipper of Yredelemnul the Dark
    63 | D:1      | Reached * piety under Yredelemnul
   185 | D:1      | Reached XP level 2. HP: 27/27 MP: 1/1
   411 | D:1      | Reached skill level 1 in Short Blades
   471 | D:1      | Reached ** piety under Yredelemnul
   615 | D:1      | Reached skill level 4 in Shields
   742 | D:1      | Reached XP level 3. HP: 33/33 MP: 2/2
  1051 | D:2      | Reached XP level 4. HP: 39/40 MP: 3/3
  1149 | D:2      | Reached XP level 5. HP: 22/46 MP: 4/4
  1951 | D:3      | Identified the +1 cloak of Marbles {*Slow rCorr Dex+8}
  1981 | D:3      | Found a radiant altar of Vehumet.
  2180 | D:3      | Identified the +1 robe "Neddilim" {Harm SInv}
  2191 | D:3      | Found a sparkling altar of Nemelex Xobeh.
  2284 | D:3      | Noticed Terence
  2289 | D:3      | Gained mutation: You are agile. (Dex +4, Str/Int -1)
                  | [potion of mutation]
  2289 | D:3      | Gained mutation: You have hidden genetic potential. [potion
                  | of mutation]
  2299 | D:3      | Killed Terence
  2300 | D:3      | Reached skill level 1 in Dodging
  2300 | D:3      | Reached XP level 6. HP: 53/53 MP: 5/5
  2640 | D:4      | Found a glowing golden altar of the Shining One.
  2640 | D:4      | Found a white marble altar of Elyvilon.
  2810 | D:4      | Found a basalt altar of Yredelemnul.
  2810 | D:4      | Found a snail-covered altar of Cheibriados.
  2831 | D:4      | Reached skill level 5 in Long Blades
  2863 | D:4      | Gained mutation: Your system is resistant to poisons.
                  | (rPois) [hidden potential]
  2873 | D:4      | Found a hazy altar of Hepliaklqana.
  3151 | D:5      | Entered Level 5 of the Dungeon
  3225 | D:5      | Reached skill level 5 in Fighting
  3225 | D:5      | Reached skill level 5 in Shields
  3225 | D:5      | Reached XP level 7. HP: 59/61 MP: 6/6
  3277 | D:5      | Found a glowing silver altar of Zin.
  3397 | D:5      | Noticed Sigmund
  3426 | D:5      | Killed Sigmund
  3427 | D:5      | Reached skill level 5 in Armour
  3432 | D:5      | Gained mutation: You expend magic power (3 MP) to
                  | strengthen your wands. [hidden potential]
  3432 | D:5      | Lost mutation: You have hidden genetic potential. [hidden
                  | potential expressed]
  3700 | D:5      | Found a staircase to the Ecumenical Temple.
  3740 | D:5      | Reached XP level 8. HP: 69/69 MP: 7/7
  3753 | D:5      | Noticed Blork the orc
  3763 | D:5      | Killed Blork the orc
  3979 | D:5      | Reached skill level 6 in Shields
  4045 | D:5      | Reached *** piety under Yredelemnul
  4288 | D:6      | Reached skill level 5 in Dodging
  4686 | D:6      | Found a broken altar of Ashenzari.
  4910 | D:6      | Reached XP level 9. HP: 78/78 MP: 8/8
  5097 | D:6      | Noticed Edmund
  5108 | D:6      | Killed Edmund
  5497 | D:7      | Reached skill level 5 in Short Blades
  5497 | D:7      | Reached skill level 7 in Shields
  5973 | D:7      | Found a burning altar of Makhleb.
  5978 | D:7      | Found a blossoming altar of Fedhas.
  6384 | D:8      | Noticed a tengu warrior
  6386 | D:8      | Noticed a gargoyle
  6406 | D:7      | Killed a tengu warrior
  6407 | D:7      | Reached XP level 10. HP: 39/86 MP: 9/9
  6661 | D:8      | Noticed a centaur warrior
  6669 | D:8      | Killed a centaur warrior
  6678 | D:8      | Reached skill level 8 in Shields
  7194 | D:8      | Reached **** piety under Yredelemnul
  7301 | D:8      | Found a transporter.
  7302 | D:8      | Identified the +3 scale mail of Hoacinax {rPois Str+2}
  7326 | D:8      | Identified the ring "Ziceysesm" {rPois Str+6 Dex+5}
  7359 | D:8      | Noticed PiratePeteNZ's ghost (novice DECj)
  7389 | D:8      | Found a transporter.
  7417 | D:8      | Noticed a cyclops
  7421 | D:8      | Killed a cyclops
  7937 | D:8      | Reached ***** piety under Yredelemnul
  8017 | D:8      | Killed PiratePeteNZ's ghost
  8230 | D:8      | Killed a gargoyle
  8537 | D:9      | Reached XP level 11. HP: 58/95 MP: 10/10
  8851 | D:9      | Reached skill level 9 in Shields
  9037 | D:9      | Found a stormy altar of Qazlal.
  9053 | D:10     | Entered Level 10 of the Dungeon
  9232 | D:10     | Found a staircase to the Lair.
  9490 | D:10     | Reached skill level 1 in Invocations
  9562 | D:10     | Found a sacrificial altar of Ru.
  9704 | D:10     | Found a viscous altar of Jiyva.
  9725 | D:10     | Found a transporter.
  9727 | D:10     | Found a transporter.
  9761 | D:10     | Reached skill level 1 in Throwing
  9914 | D:10     | Identified the +8 short sword "Othru" {venom, rPois Dex+3}
 10054 | D:10     | Noticed a two-headed ogre
 10062 | D:10     | Killed a two-headed ogre
 10514 | D:11     | Identified a scroll of acquirement
 10516 | D:11     | Acquired a manual of Shields
 10662 | D:11     | Noticed a two-headed ogre
 10671 | D:11     | Killed a two-headed ogre
 10681 | D:11     | Reached skill level 10 in Shields
 10999 | D:11     | Found a portal to a secret trove of treasure.
 11548 | D:12     | Reached skill level 10 in Long Blades
 11605 | D:12     | Noticed a tengu warrior
 11609 | D:12     | Noticed a tengu warrior
 11617 | D:12     | Killed a tengu warrior
 11625 | D:12     | Killed a tengu warrior
 11626 | D:12     | Reached XP level 12. HP: 94/106 MP: 12/12
 11697 | D:12     | Reached skill level 10 in Fighting
 11811 | D:12     | Reached skill level 10 in Armour
 12020 | D:12     | Found a staircase to the Orcish Mines.
 12300 | D:12     | Found a shimmering blue altar of Sif Muna.
 12576 | Orc:1    | Entered Level 1 of the Orcish Mines
 12576 | Orc:1    | Noticed an orc high priest
 12592 | Orc:1    | Killed an orc high priest
 12593 | Orc:1    | Reached skill level 11 in Shields
 12706 | Orc:1    | Noticed Erica
 12708 | Orc:1    | Noticed Urug
 12731 | Orc:1    | Killed Erica
 12739 | Orc:1    | Your ally Erica died
 12899 | Orc:1    | Killed Urug
 13088 | Orc:2    | Entered Level 2 of the Orcish Mines
 13113 | Orc:2    | Found a gate leading to a gauntlet.
 13145 | Gauntlet | Entered a Gauntlet
 13145 | Gauntlet | Found the +1 cloak of Starlight {*Dazzle EV+4 Stlth--}
 13145 | Gauntlet | Found a transporter.
 13154 | Gauntlet | Found a transporter.
 13169 | Gauntlet | Found a transporter.
 13174 | Gauntlet | Found a transporter.
 13189 | Gauntlet | Found a transporter.
 13208 | Gauntlet | Found a transporter.
 13218 | Gauntlet | Noticed a ghost crab
 13220 | Gauntlet | Found a transporter.
 13232 | Gauntlet | Found a transporter.
 13244 | Gauntlet | Found a transporter.
 13255 | Gauntlet | Noticed a ghost crab
 13256 | Gauntlet | Found a transporter.
 13277 | Gauntlet | Found a transporter.
 13290 | Gauntlet | Found a transporter.
 13292 | Gauntlet | Found a transporter.
 13317 | Gauntlet | Found a transporter.
 13319 | Gauntlet | Found a transporter.
 13339 | Gauntlet | Found a transporter.
 13417 | Gauntlet | Found a transporter.
 13437 | Gauntlet | Found a transporter.
 13747 | Gauntlet | Identified the amulet of the Jester {Spirit -Cast Will+
                  | Dex+5}
 13796 | Gauntlet | Reached skill level 12 in Shields
 14000 | Gauntlet | Identified the ring "Miti Kau" {rC++ EV+5}
 14000 | Gauntlet | Noticed a minotaur
 14009 | Gauntlet | Killed a minotaur
 14137 | Orc:2    | Found a staircase to the Elven Halls.
 14217 | Orc:2    | Noticed Azrael
 14235 | Orc:2    | Noticed a two-headed ogre
 14531 | Orc:2    | Noticed an ogre mage
 14532 | Orc:2    | Noticed a two-headed ogre
 14533 | Orc:2    | Noticed a two-headed ogre
 14535 | Orc:2    | Noticed a two-headed ogre
 14539 | Orc:2    | Paralysed by an ogre mage for 5 turns
 14541 | Orc:2    | Killed an ogre mage
 14542 | Orc:2    | Reached skill level 5 in Throwing
 14562 | Orc:1    | Killed a two-headed ogre
 14565 | Orc:1    | Killed a two-headed ogre
 14740 | Orc:1    | Killed a two-headed ogre
 14741 | Orc:1    | Reached XP level 13. HP: 96/116 MP: 10/13
 14864 | Orc:2    | Reached skill level 13 in Shields
 14912 | Orc:2    | Reached skill level 10 in Short Blades
 14921 | Orc:2    | Found Kiudghuss's Book Shoppe.
 14921 | Orc:2    | Found Unaodo's Antique Armour Boutique.
 14932 | Orc:2    | Found Elocacs's General Store.
 14932 | Orc:2    | Found Qaiphepp's Assorted Antiques.
 15074 | Orc:2    | Bought a scroll of fog for 64 gold pieces
 15074 | Orc:2    | Bought a potion of heal wounds for 80 gold pieces
 15075 | Orc:2    | Bought a fizzy white potion for 28 gold pieces
 15075 | Orc:2    | Bought a scroll labelled TEUH TOINGIMIW for 32 gold pieces
 15075 | Orc:2    | Bought a scroll labelled ATURU SUILUTOYV for 32 gold pieces
 15075 | Orc:2    | Bought a scroll of identify for 64 gold pieces
 15075 | Orc:2    | Bought a scroll of identify for 64 gold pieces
 15259 | Orc:2    | Killed Azrael
 15449 | Orc:2    | Reached skill level 14 in Shields
 15635 | Orc:1    | Noticed Maurice
 15648 | Orc:2    | Killed Maurice
 15930 | Lair:1   | Entered Level 1 of the Lair of Beasts
 16277 | Lair:1   | Found a transporter.
 16308 | Lair:1   | Found a transporter.
 16799 | Lair:1   | Identified the -2 pair of gloves of Jit Panifeu {Str+2}
 17389 | Lair:2   | Reached ****** piety under Yredelemnul
 17491 | Lair:2   | Found a hazy altar of Hepliaklqana.
 17863 | Lair:3   | Found a staircase to the Snake Pit.
 18117 | Lair:3   | Found a staircase to the Swamp.
 18124 | Lair:3   | Reached skill level 15 in Shields
 18131 | Lair:3   | Reached XP level 14. HP: 98/123 MP: 9/14
 18244 | Lair:3   | Noticed Kirke
 18256 | Lair:3   | Killed Kirke
 18499 | Lair:3   | Identified the +1 leather armour of the Depths {rC+ Str-3
                  | Dex+7}
 18541 | Lair:3   | Noticed Gastronok
 18554 | Lair:3   | Killed Gastronok
 18798 | Lair:3   | Identified the +3 spear of the Muttering Gods {antimagic,
                  | rPois rC- Dex+3 Stlth+}
 19268 | Lair:4   | Reached skill level 16 in Shields
 19832 | Lair:4   | Found a staircase to the Slime Pits.
 20238 | Lair:4   | Reached skill level 17 in Shields
 20349 | Lair:5   | Entered Level 5 of the Lair of Beasts
 20449 | Lair:5   | Reached XP level 15. HP: 136/137 MP: 15/15
 20702 | Lair:5   | Identified the ring "Iqimneet" {rF+ Will+ Str+6}
 20933 | Lair:5   | Found a runed translucent door.
 20940 | Lair:5   | Noticed Endbringerleviathan's ghost (journeyman NaFE)
 20985 | Lair:5   | Identified the +6 trident "Qexidgh" {vamp, rC+}
 21385 | Lair:5   | Reached skill level 18 in Shields
 21512 | Lair:5   | Killed Endbringerleviathan's ghost
 21625 | Lair:5   | Identified the +1 pair of gloves of the Shining Light
                  | {rPois}
 22464 | D:13     | Found a gate to the Vaults.
 22528 | D:13     | Identified the +4 long sword of Xom's Righteous Fury {pain,
                  | rElec rC+++ rN++ Will-}
 22931 | D:13     | Found a bloodstained altar of Trog.
 23437 | D:14     | Noticed Nessos
 23444 | D:14     | Killed Nessos
 23502 | D:14     | Reached skill level 15 in Long Blades
 23708 | D:14     | Noticed Louise
 23721 | Abyss:3  | Cast into level 3 of the Abyss (Louise)
 23739 | Abyss:3  | Noticed a tentacled starspawn
 23749 | Abyss:3  | Killed a tentacled starspawn
 23779 | Abyss:3  | Reached skill level 15 in Armour
 23811 | Abyss:3  | Reached skill level 15 in Fighting
 23860 | Abyss:3  | Noticed a tentacled starspawn
 23875 | Abyss:3  | Noticed an Executioner
 23903 | Abyss:3  | Found a shimmering altar of Xom.
 23914 | Abyss:3  | Found a corrupted altar of Lugonu.
 24124 | Abyss:3  | Noticed a profane servitor
 24128 | Abyss:3  | Found a corrupted altar of Lugonu.
 24131 | Abyss:3  | Noticed a tentacled starspawn
 24320 | Abyss:3  | Reached XP level 16. HP: 99/149 MP: 13/16
 24323 | Abyss:3  | Paralysed by accursed screaming for 1 turns
 24340 | Abyss:3  | Noticed a tentacled starspawn
 24497 | Abyss:3  | Noticed a kraken
 24547 | Abyss:3  | Lost intelligence.
 24555 | Abyss:3  | Gained mutation: You do not regenerate when monsters are
                  | visible. [a neqoxec]
 24558 | Abyss:3  | Gained mutation: You are vulnerable to heat. (rF-) [a
                  | neqoxec]
 24558 | Abyss:3  | Noticed an ancient lich
 24564 | Abyss:3  | Killed from afar by an ancient lich

Illustrated notes

Levels and vault maps discovered:
D:1:      dpeg_arrival_shrine, layout_basic, chequers_ecumenical_altar_island
D:2:      wad_woods_pond, layout_basic
D:3:      layout_rooms, mainiacjoe_overflow_small_starburst,
          nicolae_vehumet_radiance, chequers_serial_rivers_small_b, uniq_terence
D:4:      layout_basic, nicolae_hepliaklqana_hazy_memory,
          nicolae_overflow_two_pavilions, mainiacjoe_overflow_divided_tiny,
          chequers_garden
D:5:      layout_basic, nicolae_overflow_hidden_temple,
          minmay_temple_entry_arrows, kennysheep_minor_cross,
          serial_bayou_ford_a, uniq_sigmund, uniq_blork_the_orc
D:6:      layout_loops_corners, mainiacjoe_overflow_brackets, uniq_edmund
D:7:      layout_basic, minitemple, roderic_batcave
D:8:      minmay_diamond_stairs, layout_layer_cave,
          gammafunk_ghost_gnarly_gnolls
D:9:      layout_roguey, nicolae_qazlal_eye_of_the_storm, kennysheep_cross_room
D:10:     gammafunk_jiyva_shrine, layout_layer_cave, nicolae_ru_path_of_blood,
          erik_lair_orcish_takeover, enter_bailey_7
D:11:     layout_long_grid, enter_trove_6, water_boxes_lemuel
D:12:     layout_big_octagon, david_orc_3, nicolae_sif_muna_little_library
D:13:     cheibrodos_elevator_heist, layout_irregular_city,
          skrybe_vaults_entry_preservation, trog_hazing_becter
D:14:     layout_basic, minmay_librarian, uniq_louise, uniq_nessos, uniq_snorg
Lair:1:   gammafunk_worm_tunnel, layout_regular_city, grunt_megastairs_3
Lair:2:   layout_chaotic_city, basic_altar
Lair:3:   layout_cave_pods, nicolae_swamp_entry_spooky,
          minmay_snake_entry_guardpost_small, minmay_shattered_shrine,
          uniq_gastronok, uniq_kirke
Lair:4:   layout_roguey, slime_entry_1, lemuel_fruit_fields, grunt_megastairs_4
Lair:5:   due_jungle_book, layout_long_grid, ebering_ghost_funeral_grove,
          infiniplex_staircase_pool
Orc:1:    layout_caves, uniq_urug, uniq_maurice, uniq_erica
Orc:2:    st_orc_ogre_mass, layout_diamond_mine, gauntlet_entry_generic,
          basic_altar, mines3_lemuel, uniq_azrael
Abyss:3:  base: D:5, hangedman_cross_veins, evilmike_abyss_exit_glass,
          lemuel_flamethrower_2, hangedman_classic_abyss_death,
          evilmike_abyss_exit_3,
          evilmike_nicolae_abyss_rune_betentacled_crabyss,
          evilmike_nicolae_abyss_rune_betentacled_crabyss

Skill      XL: |  1  2  3  4  5  6  7  8  9 10 11 12 13 14 15 |
---------------+----------------------------------------------+-----
Long Blades    | 3 4 5 6 7 8 10 11 12 13 15 | 15.2
Short Blades   | 1 2 3 4 5 7 8 9 11 12 13 | 13.5
Shields        | 4 5 6 7 8 10 12 15 17 18 | 18.7
Fighting       | 4 5 6 7 8 9 11 12 13 15 | 15.1
Armour         | 4 5 6 7 8 9 11 12 13 15 | 15.1
Dodging        | 1 2 4 5 7 9 |  9.1
Invocations    | 2 |  2.3
Throwing       | 3 5 |  5.0

Action                     |  1- 3 |  4- 6 |  7- 9 | 10-12 | 13-15 | 16-18 || total
---------------------------+-------+-------+-------+-------+-------+-------++-------
  Melee: Dagger            |    57 |   162 |   117 |       |       |       ||   336
         Long sword        |     5 |       |       |       |   190 |    16 ||   211
         Headbutt          |     8 |    25 |    61 |   132 |   377 |     5 ||   608
         Scimitar          |       |       |   117 |   244 |   574 |       ||   935
         Falchion          |       |       |     5 |       |       |       ||     5
         Short sword       |       |       |       |   233 |   348 |       ||   581
   Fire: Sling             |       |     2 |       |       |       |       ||     2
  Throw: Stone             |       |     2 |     2 |     2 |       |       ||     6
         Boomerang         |       |       |     2 |    83 |    56 |     1 ||   142
         Dart              |       |       |    15 |    30 |     1 |       ||    46
 Invoke: Recall Undead Har |       |       |       |     3 |     3 |       ||     6
         Dark Bargain      |       |       |       |     2 |     2 |       ||     4
         Bind Soul         |       |       |       |       |     4 |       ||     4
  Evoke: Wand              |       |       |     6 |     9 |     2 |     2 ||    19
         Phial of floods   |       |       |       |       |       |     1 ||     1
         Phantom mirror    |       |       |       |       |       |     1 ||     1
    Use: Potion            |       |     2 |     2 |    15 |     8 |     4 ||    31
         Scroll            |       |     2 |       |    13 |    13 |     2 ||    30
   Stab: Distracted        |     1 |     1 |       |    11 |    16 |       ||    29
         Invisible         |       |       |       |     1 |    27 |       ||    28
         Petrified         |       |       |       |       |     3 |       ||     3
         Sleeping          |       |       |       |       |     1 |       ||     1
 Armour: Plate armour      |    34 |    81 |    83 |    80 |       |       ||   278
         Scale mail        |     3 |       |       |    49 |       |       ||    52
         Gold dragon scale |       |       |       |     8 |   232 |    40 ||   280
  Dodge: Dodged            |     9 |    47 |   105 |   247 |   442 |    59 ||   909
  Block: Buckler           |    16 |    22 |    68 |    51 |       |       ||   157
         Kite shield       |       |       |       |   253 |   802 |    75 ||  1130
